 Dungeon Crawl Stone Soup version 0.19.1-1-g22dce08 (webtiles) character file.

55 Jushak the Magician (level 3, -4/24 HPs)
             Began as a Mummy Wizard on Dec 30, 2016.
             Killed from afar by an orc wizard (10 damage)
             ... with a magic dart
             ... on level 3 of the Dungeon.
             The game lasted 00:14:51 (3620 turns).

Jushak the Magician (Mummy Wizard)                  Turns: 3620, Time: 00:14:51

Health: -4/24      AC:  2    Str: 11    XL:     3   Next: 67%
Magic:  4/8        EV: 12    Int: 17    God:
Gold:   91         SH:  0    Dex: 10    Spells: 2 memorised, 7 levels left

rFire  x . .     SeeInvis .     e - +0 dagger
rCold  + . .     Gourm    .     d - +0 robe (curse)
rNeg   + + +     Faith    .     (no shield)
rPois  ∞         Spirit   .     b - +0 hat
rElec  .         Reflect  .     (no cloak)
rCorr  .         Harm     .     (no gloves)
MR     .....                    (no boots)
Stlth  ++........               (no amulet)
                                (no ring)
                                (no ring)

@: slowed, very slow
A: no food or potions, fire vulnerability, cold resistance 1, negative energy
resistance 3, torment resistance, unbreathing
a: no special abilities


You were on level 3 of the Dungeon.
You were not hungry.

You visited 1 branch of the dungeon, and saw 3 of its levels.

You collected 91 gold pieces.

Inventory:

Hand Weapons
 e - a +0 dagger (weapon)
Armour
 a - a +0 robe
 b - a +0 hat (worn)
 d - a cursed +0 robe (worn)
Wands
 g - a wand of acid (11/15)
Scrolls
 h - a scroll of amnesia
Books
 c - a book of Minor Magic

   Spells                             Type                      Level
   a - Magic Dart                     Conjuration                  1
   b - Blink                          Translocation                2
   c - Call Imp                       Summoning                    2
   d - Repel Missiles                 Charms/Air                   2
   e - Slow                           Hexes                        2
   f - Conjure Flame                  Conjuration/Fire             3
   g - Mephitic Cloud                 Conjuration/Poison/Air       3
 f - a book of Maledictions

   Spells                             Type                      Level
   a - Corona                         Hexes                        1
   b - Ensorcelled Hibernation        Hexes/Ice                    2
   c - Confuse                        Hexes                        3
   d - Tukima's Dance                 Hexes                        3
   e - Dazzling Spray                 Conjuration/Hexes            3
 k - a book of Changes

   Spells                             Type                      Level
   a - Beastly Appendage              Transmutation                1
   b - Sticks to Snakes               Transmutation                2
   c - Spider Form                    Transmutation/Poison         3
   d - Ice Form                       Ice/Transmutation            4
   e - Blade Hands                    Transmutation                5


   Skills:
 - Level 1.5 Dodging
 - Level 1.5 Stealth
 - Level 4.0 Spellcasting
 + Level 1.7 Conjurations
   Level 0.7 Summonings
 - Level 0.7 Translocations


You had 7 spell levels left.
You knew the following spells:

 Your Spells              Type           Power        Failure   Level  Hunger
a - Magic Dart            Conj           #...         10%         1    N/A
b - Blink                 Tloc           N/A          21%         2    N/A

Dungeon Overview and Level Annotations

Branches:
Dungeon (3/15)

Altars:


Innate Abilities, Weirdness & Mutations

You do not eat or drink.
Your flesh is vulnerable to fire.
You are immune to poison.
Your flesh is cold resistant. (rC+)
You are immune to negative energy. (rN+++)
You are immune to unholy pain and torment.
You can survive without breathing.


Message History

The orc wizard is moderately wounded.
The orc wizard gestures wildly while chanting.
The orc wizard casts a spell.
The orc wizard blinks!
The orc wizard points at you and mumbles some strange words.
You resist with some effort.
The orc wizard casts a spell.
The orc wizard blinks!
The orc wizard gestures wildly while chanting.
The orc wizard casts a spell at you.
You feel as though you will be slow longer.
The orc wizard casts a spell at you. The magic dart hits you!
The orc wizard hits you with a dagger.
The orc wizard hits you but does no damage.
The orc wizard hits you with a dagger.
* * * LOW HITPOINT WARNING * * *
The orc wizard gestures at you while chanting.
The magic dart hits you!
You die...

#.# #.##.##.#.....#
..###.##.##.#.....#
........).........#
.#.##.......#.....#
##.##.##.##.#.....#
#.##.....[....####
#.##.##.##.########
#.##.##.##........#
#<..........>.o@..#
.###.##.###.......###
#..........(.....
#(.#)...÷....####
.....#.......#
#(..)........#
#.####.####### #. ..#
###


You could see an orc wizard.

Vanquished Creatures
  3 orcs (D:3)
  6 bats
  5 giant cockroaches
  6 goblins
  6 hobgoblins
  5 kobolds (D:1)
  A quokka (D:2)
  A ball python (D:2)
  8 frilled lizards
  10 rats
51 creatures vanquished.

Notes
Turn   | Place    | Note
-------+----------+-------------------------------------------
     0 | D:1      | Jushak the Mummy Wizard began the quest for the Orb.
     0 | D:1      | Reached XP level 1. HP: 13/13 MP: 4/4
   356 | D:1      | Reached skill level 1 in Conjurations
   460 | D:1      | Reached XP level 2. HP: 15/19 MP: 0/6
  1443 | D:2      | Reached XP level 3. HP: 24/24 MP: 5/8
  2021 | D:2      | Learned a level 2 spell: Blink
  2946 | D:3      | Reached skill level 4 in Spellcasting
  3620 | D:3      | Killed from afar by an orc wizard

Skill      XL: |  1  2  3 |
---------------+----------+-----
Conjurations   | 1 |  1.7
Spellcasting   | 4 |  4.0
Dodging        | |  1.5
Stealth        | |  1.5
Summonings     | |  0.7
Translocations | |  0.7

Action                   || total
-------------------------++-------
Melee: Dagger            ||    55
       Unarmed           ||    12
 Cast: Magic Dart        ||   175
  Use: Scroll            ||     4
Armor: Robe              ||    15
Dodge: Dodged            ||    57
